 Dungeon Crawl Stone Soup version 0.30-a0-534-gdc55766716 (webtiles) character file.

Game seed: 430609854251230062

57540 Darkkill the Warrior (level 14, -22/135 HPs)
             Began as a Minotaur Hunter on Dec 24, 2022.
             Was an Initiate of Gozag.
             Killed from afar by a fire dragon (54 damage)
             ... with a blast of flame
             ... on level 14 of the Dungeon.
             The game lasted 00:20:07 (20263 turns).

Darkkill the Warrior (Minotaur Hunter)             Turns: 20263, Time: 00:20:08

Health: -22/135    AC: 14    Str: 17    XL:     14   Next: 46%
Magic:  13/13      EV: 24    Int:  6    God:    Gozag
Gold:   484        SH:  5    Dex: 24    Spells: 13/13 levels left

rFire   . . .      SeeInvis .    F - +3 arbalest (flame)
rCold   . . .      Faith    .    (shield currently unavailable)
rNeg    . . .      Spirit   .    c - +1 leather armour
rPois   .          Reflect  +    H - +2 hat
rElec   .          Harm     .    I - +2 cloak
rCorr   .          Rampage  .    E - +0 pair of gloves
Will    +....                    (no boots)
Stlth   +++++                    p - amulet of reflection
HPRegen 0.42/turn                i - +4 ring of protection
MPRegen 0.13/turn                B - +6 ring of dexterity

@: brilliant, hasted, very quick
A: horns 2, retaliatory headbutt
a: Renounce Religion, Potion Petition, Call Merchant, Bribe Branch


You were on level 14 of the Dungeon.
You worshipped Gozag.
Gozag was aware of your devotion.
You visited 4 branches of the dungeon, and saw 22 of its levels.

You collected 6025 gold pieces.
You spent 931 gold pieces at shops.
You paid 4610 gold pieces to Gozag.

Inventory:

Hand Weapons
 F - a +3 arbalest of flaming (weapon)
Missiles
 d - 159 stones
 e - 5 curare-tipped darts {=f !f}
 j - 2 datura-tipped darts
 s - 38 poisoned darts
 v - a boomerang
Armour
 c - a +1 leather armour (worn)
 E - a +0 pair of gloves (worn)
 H - a +2 hat (worn)
 I - a +2 cloak (worn)
Jewellery
 i - a +4 ring of protection (left hand)
 p - an amulet of reflection (around neck)
 B - a +6 ring of dexterity (right hand)
 C - a ring of resist corrosion
 K - a +4 ring of protection
 M - a ring of ice
Wands
 k - a wand of paralysis (11)
 n - a wand of flame (21)
 w - a wand of roots (11)
 y - a wand of digging (15)
 D - a wand of mindburst (17)
 G - a wand of quicksilver (8)
Scrolls
 a - 8 scrolls of identify {@r1}
 b - 3 scrolls of immolation
 r - 8 scrolls of teleportation
 z - 4 scrolls of magic mapping
 L - 2 scrolls of amnesia
Potions
 f - 10 potions of haste
 g - 5 potions of attraction
 l - 7 potions of curing {@q1}
 m - a potion of magic
 o - 5 potions of ambrosia
 q - 2 potions of mutation
 t - 2 potions of lignification
 u - 3 potions of resistance
 x - 3 potions of brilliance
 A - a potion of berserk rage
 J - 2 potions of might
 N - a potion of heal wounds
Miscellaneous
 h - a tin of tremorstones (inert)


   Skills:
 + Level 15.3 Fighting
 + Level 15.2 Ranged Weapons
 + Level 14.2 Dodging
 + Level 12.0 Stealth


You had 13 spell levels left.
You didn't know any spells.
Your spell library contained the following spells:

 Spells                   Type           Power      Damage    Failure   Level
 Apportation              Tloc           0%         N/A       52%         1
 Necrotise                Necr           0%         1d4       52%         1
 Slow                     Hex            0%         N/A       52%         1
 Ensorcelled Hibernation  Hex/Ice        0%         N/A       67%         2
 Passwall                 Tmut/Erth      0%         N/A       67%         2
 Scorch                   Fire           0%         2d5       67%         2
 Confusing Touch          Hex            0%         N/A       88%         3
 Dazzling Flash           Conj/Hex       0%         N/A       88%         3
 Portal Projectile        Hex/Tloc       0%         N/A       88%         3
 Summon Guardian Golem    Hex/Summ       0%         N/A       88%         3
 Swiftness                Air            0%         N/A       88%         3
 Tukima's Dance           Hex            0%         N/A       88%         3
 Vampiric Draining        Necr           0%         2d6       88%         3
 Flame Wave               Conj/Fire      0%         2d4       99%         4
 Iskenderun's Mystic Bla  Conj/Tloc      0%         2d3       99%         4
 Agony                    Necr           0%         N/A       100%        5
 Alistair's Intoxication  Tmut/Pois      0%         N/A       100%        5
 Blade Hands              Tmut           0%         N/A       100%        5
 Borgnjor's Vile Clutch   Necr/Erth      0%         N/A       100%        5
 Death Channel            Necr           0%         N/A       100%        6
 Eringya's Noxious Bog    Tmut/Pois      0%         N/A       100%        6
 Starburst                Conj/Fire      0%         6d3       100%        6
 Summon Cactus Giant      Summ           0%         N/A       100%        6
 Animate Dead             Necr           Unusable   N/A       N/A         4
 Simulacrum               Ice/Necr       Unusable   N/A       N/A         6

Dungeon Overview and Level Annotations

Branches:
Dungeon (14/15)            Temple (1/1) D:4            Lair (5/5) D:9
  Swamp (0/4) Lair:3       Spider (0/4) Lair:3        Slime (0/5) Lair:5
    Orc (2/2) D:9             Elf (0/3) Orc:2
 Vaults: D:13-14

Altars:
Ashenzari
Cheibriados
Dithmenos
Elyvilon
Fedhas
Gozag
Hepliaklqana
Kikubaaqudgha
Makhleb
Nemelex Xobeh
Okawaru
Qazlal
Ru
Sif Muna
Trog
Uskayaw
Vehumet
Wu Jian
Xom
Yredelemnul
Zin
The Shining One

Shops:
D:7 (   D:9 (   D:12 *   Orc:1 ?   Orc:2 =((?   Lair:2 (

Annotations:
D:9 2 transporters, jejorda2's ghost, novice MfBe
D:11 3 runed translucent doors, SirDiesAlot's ghost, journeyman DECj
Lair:5 2 runed translucent doors


Innate Abilities, Weirdness & Mutations

You have a pair of horns on your head.
You reflexively headbutt those who attack you in melee.


Message History

A vampire mosquito is nearby!
A vampire mosquito is nearby!
You shoot a bolt. The bolt hits the vampire mosquito!
The bolt burns the vampire mosquito.
You destroy the vampire mosquito!
You now have 1180 gold pieces (gained 17).
You see here a +0 mace.
You now have 1187 gold pieces (gained 7).
You now have 1192 gold pieces (gained 5).
You now have 1213 gold pieces (gained 21).
J - 2 potions of might (gained 1)
You open the large door.
A basilisk comes into view.
Found a stone.
You shoot a bolt. The bolt hits the basilisk.
The bolt burns the basilisk.
The basilisk hisses angrily.
The basilisk is moderately wounded.
You hear a deafening roar!
The basilisk gazes at you.
You are slowing down.
A fire dragon comes into view.
You shoot a bolt. The bolt hits the fire dragon!
The fire dragon is lightly wounded.
The fire dragon moves out of view.
Your limbs are stiffening.
No target in view!
No target in view!
No target in view!
Found a glowing helmet.
The fire dragon breathes flames at you. The blast of flame hits you!!!
You have turned to stone.
The basilisk bites you but does no damage.
The fire dragon bites you.
The fire dragon claws you but does no damage.
The fire dragon barely misses you. The basilisk bites you.
The fire dragon bites you.
The fire dragon claws you but does no damage.
The fire dragon tramples you.
You are shoved backwards!
The fire dragon bites you but does no damage.
The fire dragon claws you.
The fire dragon tramples you but does no damage.
The basilisk gazes at you.
You easily resist.
The fire dragon bites you but does no damage.
The fire dragon claws you but does no damage.
The fire dragon tramples you!
You hold your ground!
The basilisk bites you.
The fire dragon bites you but does no damage.
The fire dragon completely misses you. The fire dragon tramples you.
You hold your ground!
The basilisk gazes at you.
The fire dragon bites you but does no damage.
The fire dragon claws you but does no damage.
The fire dragon tramples you.
You hold your ground!
The basilisk bites you. The fire dragon breathes flames at you.
The blast of flame hits you!! The basilisk bites you!
The fire dragon bites you.
The fire dragon claws you but does no damage.
The fire dragon tramples you.
You hold your ground!
You turn to flesh and can move again.
You shoot a bolt. The bolt hits the fire dragon!
The bolt burns the fire dragon.
The fire dragon is moderately wounded.
The basilisk closely misses you. The fire dragon misses you.
You furiously retaliate!
You headbutt the fire dragon. The fire dragon misses you.
The fire dragon closely misses you.
You shoot a bolt. The bolt hits the fire dragon!
The fire dragon is heavily wounded.
You block the basilisk's attack. The fire dragon completely misses you.
You furiously retaliate!
You headbutt the fire dragon! You block the fire dragon's attack.
The fire dragon barely misses you.
You shoot a bolt. The bolt hits the fire dragon.
The fire dragon is heavily wounded.
The basilisk bites you but does no damage.
The fire dragon completely misses you. You furiously retaliate!
You headbutt the fire dragon! You block the fire dragon's attack.
The fire dragon barely misses you.
You shoot a bolt.
The bolt hits the fire dragon but does no damage.
The fire dragon is severely wounded.
The basilisk completely misses you. The fire dragon misses you.
You block the fire dragon's attack. The fire dragon misses you.
The fire dragon breathes flames at you. The blast of flame hits you!!!
* * * LOW HITPOINT WARNING * * *
The basilisk completely misses you.
Blink to where?
Press: ? - help, Q - select action, (/) - cycle Dir - move target, p - fire dragon
As you read the scroll of blinking, it crumbles to dust. [a] - 729 gold - haste, heal wounds, brilliance and magic [b] - 260 gold - resistance [c] - 580 gold - haste and resistance Purchase which effect?
You feel yourself speed up.
You feel much better.
You feel clever all of a sudden. Magic courses through your body.
The fire dragon breathes flames at you. The blast of flame hits you!!!
You die...
Your body crumbles into a pile of gold.

.........................#
########(.#++####>....##..+
#.(...'..# #.....#####
#.....'.ยง# #.....##..#
#.....#Dl# #.....[...# #....
#..# #....###.## #####[.. #..#
#.#.###....
#...#######..#######..........
#............@)........##..###
#.......####>#......#.###.##
######.## ##.#........##..#
##.# #..#.....#####.## #..#
#.##.....####..# #.##
#.##.....##...## #.#
#.##...<.##.### ### #.#
##.###....#...## ..# ###.#
#...##.........##


You could see a fire dragon (catching breath) and a basilisk.

Vanquished Creatures
  Agnes (D:14)
  An orc warlord (Orc:1)
  Snorg (Lair:5)
  3 hydras
  2 ogre magi (Orc:2)
  2 boulder beetles (D:14)
  8 two-headed ogres (Orc:2)
  An orc high priest (Orc:1)
  4 skeletal warriors (D:12)
  2 deep trolls (Orc:2)
  2 deep elf pyromancers
  A lindwurm (Lair:5)
  An orc knight (Orc:2)
  4 orc sorcerers
  6 cyclopes
  2 manticores
  A salamander (shapeshifter) (D:13)
  6 elephants (Lair:4)
  3 molten gargoyles (Lair:5)
  3 black mambas
  2 torpor snails
  7 cane toads
  3 gargoyles
  2 unseen horrors (D:12)
  A rime drake (D:9)
  Maggie (D:8)
  An efreet (D:14)
  9 komodo dragons
  2 tengu conjurers (D:13)
  15 trolls
  2 polar bears
  2 hornets
  14 blink frogs
  A tarantella (Lair:3)
  A centaur simulacrum (D:14)
  Sigmund (D:2)
  A wraith (D:11)
  3 wyverns
  5 basilisks
  24 yaks
  2 steam dragons (Lair:5)
  9 vampire mosquitoes
  6 wargs
  2 acid dragons
  5 hell hounds
  5 water moccasins
  Duvessa (D:4)
  8 orc warriors
  7 ice beasts
  3 sky beasts
  5 black bears
  24 ogres
  6 wolves
  9 centaurs
  3 kobold brigands
  A phantom (D:4)
  A gnoll sergeant (D:9)
  3 necrophages
  9 bullfrogs
  3 scorpions
  19 wights
  Dowan (D:4)
  8 killer bees
  2 howler monkeys (D:9)
  5 lava snakes (Lair:5)
  A jelly (D:5)
  7 orc priests
  2 iguanas
  16 orc wizards
  12 hell rats
  A gnoll (D:5)
  11 adders
  A white imp (D:8)
  An ufetubus (D:6)
  3 dart slugs
  40 orcs
  7 endoplasms
  5 giant cockroaches
  7 goblins
  5 hobgoblins
  5 quokkas
  6 ball pythons
  A bat (D:1)
  3 frilled lizards
  21 kobolds
  23 rats
476 creatures vanquished.

Vanquished Creatures (others)
  23 fungi
  17 plants
40 creatures vanquished.

Grand Total: 516 creatures vanquished

Notes
Turn   | Place    | Note
-------+----------+-------------------------------------------
     0 | D:1      | Darkkill the Minotaur Hunter began the quest for the Orb.
     0 | D:1      | Reached XP level 1. HP: 18/18 MP: 0/0
   121 | D:1      | Reached skill level 1 in Stealth
   154 | D:1      | Reached XP level 2. HP: 25/25 MP: 1/1
   787 | D:1      | Reached skill level 5 in Fighting
   787 | D:1      | Reached skill level 5 in Dodging
   787 | D:1      | Reached XP level 3. HP: 36/36 MP: 2/2
   804 | D:2      | Noticed Sigmund
   877 | D:2      | Reached XP level 4. HP: 40/42 MP: 3/3
   935 | D:2      | Found an opulent altar of Gozag.
   947 | D:2      | Became a worshipper of Gozag Ym Sagoz the Greedy
   971 | D:2      | Killed Sigmund
   972 | D:2      | Reached XP level 5. HP: 29/50 MP: 4/4
  1506 | D:3      | Reached XP level 6. HP: 57/57 MP: 5/5
  1865 | D:3      | Found an opulent altar of Gozag.
  2045 | D:3      | Found a faded altar of an unknown god.
  2187 | D:4      | Noticed Duvessa
  2187 | D:4      | Noticed Dowan
  2202 | D:4      | Killed Duvessa
  2209 | D:4      | Killed Dowan
  2253 | D:4      | Reached XP level 7. HP: 18/64 MP: 6/6
  2513 | D:4      | Found a staircase to the Ecumenical Temple.
  2892 | Temple   | Entered the Ecumenical Temple
  3156 | D:5      | Entered Level 5 of the Dungeon
  3948 | D:5      | Reached skill level 5 in Stealth
  3948 | D:5      | Reached XP level 8. HP: 73/73 MP: 7/7
  4725 | D:6      | Found a shimmering blue altar of Sif Muna.
  5494 | D:7      | Reached XP level 9. HP: 71/81 MP: 8/8
  5715 | D:7      | Found a sparkling altar of Nemelex Xobeh.
  5901 | D:8      | Noticed a troll
  5910 | D:8      | Killed a troll
  6007 | D:8      | Noticed Maggie
  6013 | D:8      | Killed Maggie
  6151 | D:7      | Bought a glowing arbalest for 225 gold pieces
  6284 | D:8      | Reached skill level 10 in Ranged Weapons
  6620 | D:9      | Reached XP level 10. HP: 66/91 MP: 9/9
  6994 | D:9      | Paralysed by a hornet for 1 turns
  7305 | D:9      | Found a transporter.
  7326 | D:9      | Found a transporter.
  7338 | D:9      | Noticed a moth of wrath
  7338 | D:9      | Noticed a manticore
  7338 | D:9      | Noticed jejorda2's ghost (novice MfBe)
  7456 | D:9      | Found a staircase to the Lair.
  7562 | D:9      | Found a staircase to the Orcish Mines.
  7604 | D:9      | Found a hazy altar of Hepliaklqana.
  7739 | D:9      | Reached skill level 10 in Fighting
  7826 | D:9      | Noticed a gargoyle
  7829 | D:9      | Killed a gargoyle
  7938 | Lair:1   | Entered Level 1 of the Lair of Beasts
  8468 | Lair:1   | Reached XP level 11. HP: 101/101 MP: 10/10
  8792 | Lair:2   | Noticed a five-headed hydra
  8798 | Lair:2   | Killed a five-headed hydra
  8799 | Lair:2   | Reached skill level 10 in Dodging
  9863 | Lair:3   | Identified the +1 executioner's axe of Descent {flame,
                  | rPois Will+}
  9872 | Lair:3   | Got Wocibies's Almanac of Vexing Necromancy
  9946 | Lair:3   | Found a hole to the Spider Nest.
 10050 | Lair:3   | Found a staircase to the Swamp.
 11203 | Lair:2   | Bought a glowing arbalest for 277 gold pieces
 11261 | Lair:5   | Entered Level 5 of the Lair of Beasts
 11261 | Lair:5   | Noticed Snorg
 11266 | Lair:5   | Killed Snorg
 11288 | Lair:4   | Reached XP level 12. HP: 37/111 MP: 11/11
 12397 | Lair:5   | Reached skill level 10 in Stealth
 12604 | Lair:5   | Found a large runed translucent door.
 12604 | Lair:5   | Noticed a fire dragon
 12607 | Lair:5   | Found a large runed translucent door.
 12879 | Lair:5   | Noticed a six-headed hydra
 12883 | Lair:5   | Killed a six-headed hydra
 13060 | Lair:5   | Found a staircase to the Slime Pits.
 13911 | Orc:1    | Entered Level 1 of the Orcish Mines
 13946 | Orc:1    | Noticed an orc high priest
 14174 | D:9      | Reached XP level 13. HP: 58/122 MP: 12/12
 14515 | Orc:1    | Noticed an orc warlord
 14522 | Orc:1    | Killed an orc warlord
 15051 | Orc:2    | Entered Level 2 of the Orcish Mines
 15231 | Orc:2    | Found a staircase to the Elven Halls.
 15328 | Orc:2    | HP: 21/124 [deep troll (6)]
 16078 | Orc:2    | Found Ojum's Antique Weapon Shoppe.
 16083 | Orc:2    | Found Besojooh's Magic Scroll Emporium.
 16088 | Orc:2    | Found Voch's Jewellery Boutique.
 16102 | Orc:2    | Found Ehaett's Weapon Shoppe.
 16304 | D:10     | Entered Level 10 of the Dungeon
 16348 | D:10     | Found a burning altar of Makhleb.
 16355 | D:10     | Identified the +2 robe of Oluo {+Blink rC- Regen+ Dex+5}
 16828 | D:11     | Found a runed translucent gate.
 16829 | D:11     | Found a runed translucent gate.
 16830 | D:11     | Found a runed translucent gate.
 16832 | D:11     | Noticed SirDiesAlot's ghost (journeyman DECj)
 16989 | D:11     | Identified the +5 ring mail of Midnight {rElec}
 17022 | D:11     | Reached XP level 14. HP: 133/133 MP: 13/13
 17879 | D:12     | HP: 26/133 [skeletal warrior/+0 long sword (14)]
 17880 | D:12     | HP: 6/133 [skeletal warrior/+0 long sword (21)]
 18620 | D:12     | Found Raufu's General Store.
 18626 | D:12     | Bought a wand of roots (5) for 156 gold pieces
 18626 | D:12     | Bought a wand of quicksilver (5) for 273 gold pieces
 18811 | D:12     | Reached skill level 15 in Fighting
 19057 | D:13     | Reached skill level 15 in Ranged Weapons
 19752 | D:14     | Noticed Agnes
 19760 | D:14     | Killed Agnes
 20261 | D:14     | HP: 8/135 [fire dragon/blast of flame (49)]
 20263 | D:14     | Killed from afar by a fire dragon

Illustrated notes

Levels and vault maps discovered:
D:1:      wander_arrival_peaceful_grave, layout_basic, chequers_jeans,
          minmay_pentomino_v4
D:2:      layout_rooms, basic_altar, minmay_rat_hole, uniq_sigmund
D:3:      layout_basic, mainiacjoe_overflow_alcove_2,
          shapermc_ecumenical_altar_mp_vishouse
D:4:      layout_basic, minmay_temple_entry_glassed_door,
          minmay_tree_intersection, uniq_duvessa
D:5:      minmay_inner_zag, layout_basic
D:6:      layout_gridville, led_sif_book
D:7:      layout_loops_ring, kennysheep_little_box
D:8:      layout_basic, uniq_maggie
D:9:      layout_gridville, marbit_many_paths, hellmonk_lair_entry_icy,
          minmay_orc_entry_temple_small, gammafunk_ghost_berserking_beasts
D:10:     layout_gridville, bloody_makhleb
D:11:     layout_stronghold, gammafunk_ghost_hydra_chop, chequers_garden
D:12:     layout_irregular_city, serial_shops, shop
D:13:     layout_roguey
D:14:     layout_rooms, skrybe_vaults_entry_preservation, chequers_arboretum,
          uniq_agnes
Temple:   minmay_temple_bridge_d
Lair:1:   layout_chaotic_city, serial_bayou_shore_b
Lair:2:   layout_regular_city, infiniplex_staircase_pool, serial_bayou_shore_b
Lair:3:   layout_gridlike, swamp_mist, spider_nest_entry_rubble,
          grunt_megastairs_5
Lair:4:   layout_loops_ring
Lair:5:   cheibrodos_lair_end_hotspot, layout_regular_city, slime_entry_1,
          infiniplex_staircase_pool_2, uniq_snorg
Orc:1:    layout_caves
Orc:2:    st_orc_open, layout_caves, lemuel_statue_altar

Skill      XL: |  1  2  3  4  5  6  7  8  9 10 11 12 13 14 |
---------------+-------------------------------------------+-----
Stealth        | 1 3 4 5 6 7 9 10 11 12 | 12.0
Fighting       | 5 6 7 8 9 10 11 13 14 15 | 15.3
Ranged Weapons | 7 8 9 10 11 12 13 14 15 | 15.2
Dodging        | 5 6 7 8 9 11 12 13 14 | 14.2

Action                   |  1- 3 |  4- 6 |  7- 9 | 10-12 | 13-15 || total
-------------------------+-------+-------+-------+-------+-------++-------
 Fire: Shortbow          |    59 |   134 |   223 |       |       ||   416
       Arbalest          |       |       |    62 |   477 |   461 ||  1000
Invok: Call Merchant     |       |       |     1 |     1 |     2 ||     4
       Potion Petition   |       |       |       |       |     2 ||     2
Evoke: Tin of tremorston |       |       |       |     2 |     2 ||     4
       Wand              |       |       |       |       |    10 ||    10
  Use: Scroll            |     3 |     6 |    12 |     8 |     6 ||    35
       Potion            |     1 |       |       |     2 |       ||     3
Armor: Leather armour    |     7 |     6 |    35 |    98 |    78 ||   224
Dodge: Dodged            |    11 |    17 |   107 |   404 |   315 ||   854
Block: Other             |       |     8 |    43 |   111 |    78 ||   240
       Reflection        |       |     1 |     5 |       |     7 ||    13

Table legend: (Time is in decaauts)
 A = Elapsed time spent in this place.
 B = Non-inter-level travel time spent in this place.
 C = Inter-level travel time spent in this place.
 D = Time resting spent in this place.
 E = Time spent auto-exploring this place.
 F = Levels seen in this place.
 G = Mean time per level.
                   A        B        C        D        E       F      G
               +--------+--------+--------+--------+--------+-----+--------+
         Total |  20616 |  19485 |   1131 |   1807 |  14567 |  22 |  937.1 |
       Dungeon |  12591 |  12033 |    558 |    732 |   9523 |  14 |  899.4 |
        Temple |    232 |    224 |      8 |      0 |    213 |   1 |  232.0 |
          Lair |   6103 |   5545 |    558 |    779 |   3908 |   5 | 1220.6 |
  Orcish Mines |   1689 |   1682 |      7 |    296 |    922 |   2 |  844.5 |
               +--------+--------+--------+--------+--------+-----+--------+

Top non-repeatable levels by time:
     D:9: 2408 daAuts
  Lair:4: 1681 daAuts
  Lair:5: 1606 daAuts
     D:5: 1105 daAuts
    D:12: 1104 daAuts
  Lair:2: 1066 daAuts
    D:11: 1014 daAuts
     D:7: 916 daAuts
  Lair:1: 885 daAuts
   Orc:2: 878 daAuts
     D:1: 865 daAuts
  Lair:3: 863 daAuts
     D:4: 816 daAuts
   Orc:1: 810 daAuts
     D:6: 810 daAuts

Table legend:
 A = Kills in this place as a percentage of kills in entire the game.
 B = Kills by you in this place as a percentage of kills by you in the entire game.
 C = Kills by friends in this place as a percentage of kills by friends in the entire game.
 D = Other kills in this place as a percentage of other kills in the entire game.
 E = Experience gained in this place as a percentage of experience gained in the entire game.
 F = Experience gained in this place divided by the number of levels of this place that you have seen.
                   A       B       C       D       E      F
               +-------+-------+-------+-------+-------+----------------------
         Total | 100.0 | 100.0 |   N/A |   N/A | 100.0 | 3734.0
       Dungeon |  58.8 |  58.8 |   N/A |   N/A |  37.2 | 2184.4
          Lair |  24.4 |  24.4 |   N/A |   N/A |  35.2 | 5781.8
  Orcish Mines |  16.8 |  16.8 |   N/A |   N/A |  27.6 | 11328.0
               +-------+-------+-------+-------+-------+----------------------
